 Dungeon Crawl Stone Soup version 0.30-a0-335-ge5acde7520 (webtiles) character file.

Game seed: 13950355033773372505

36603 Lobster4 the Cruncher (level 14, -4/106 HPs)
             Began as a Human Conjurer on Oct 30, 2022.
             Was a High Priest of Fedhas.
             Slain by an eight-headed hydra (9 damage)
             ... on level 4 of the Lair of Beasts on Oct 31, 2022.
             The game lasted 01:24:57 (26408 turns).

Lobster4 the Cruncher (Human Conjurer)             Turns: 26408, Time: 01:24:58

Health: -4/106     AC: 26    Str: 11    XL:     14   Next: 24%
Magic:  25/25      EV: 12    Int: 20    God:    Fedhas [*****.]
Gold:   913        SH:  0    Dex: 12    Spells: 16/28 levels left

rFire   + . .      SeeInvis .    a - +7 staff of the Meek {protect, meekguard}
rCold   . . .      Faith    .    (shield currently unavailable)
rNeg    . . .      Spirit   .    d - +3 leather armour of Binu Fecihe {rF+ Regen+}
rPois   +          Reflect  .    F - +0 helmet
rElec   .          Harm     .    m - +1 cloak
rCorr   .          Rampage  .    (no gloves)
Will    +....                    J - +1 pair of boots
Stlth   ++........               (no amulet)
HPRegen 1.17/turn                E - ring of wizardry
MPRegen 0.19/turn                H - ring of poison resistance

@: under a protective aura, hasted, very quick
A: no striking features
a: Renounce Religion, Wall of Briars, Grow Ballistomycete, Overgrow, Grow Oklob


You were on level 4 of the Lair of Beasts.
You worshipped Fedhas.
Fedhas was extremely pleased with you.
You visited 3 branches of the dungeon, and saw 17 of its levels.

You collected 1078 gold pieces.
You spent 165 gold pieces at shops.

Inventory:

Hand Weapons
 a - the +7 staff of the Meek (weapon) {protect, meekguard}
   (You found it on level 5 of the Dungeon)

   It grants its wielder temporary protection when it strikes (+7 to AC).
   It provides extra protection to wielders with little health.
 b - a +1 shortbow
 c - the +8 flail "Acrynk" {venom, rElec rC+ Dex-2 SInv}
   (You found it on level 9 of the Dungeon)

   It poisons the flesh of those it strikes.
   Dex:       It affects your dexterity (-2).
   rC:        It protects you from cold.
   rElec:     It insulates you from electricity.
   SInv:      It lets you see invisible.
 f - a +3 war axe
 w - a +0 double sword of electrocution
 N - a +0 whip of venom
 Q - a +2 falchion of protection
Missiles
 j - a boomerang of dispersal (quivered)
 k - 26 poisoned darts
 B - 11 javelins
 O - a throwing net
Armour
 d - the +3 leather armour of Binu Fecihe (worn) {rF+ Regen+}
   (You found it on level 4 of the Lair of Beasts)

   rF:        It protects you from fire.
   Regen:     It increases your rate of health regeneration.
 m - a +1 cloak (worn)
 p - a +0 ring mail of poison resistance
 D - a +0 troll leather armour
 F - a +0 helmet (worn)
 J - a +1 pair of boots (worn)
 P - a +2 robe of cold resistance
 Y - the +4 chain mail of the Demon Prince {rF++}
   (You found it on level 8 of the Dungeon)

   rF:        It greatly protects you from fire.
Jewellery
 g - a ring of flight
 i - a ring of willpower
 q - a ring of see invisible
 y - a ring of protection from cold
 E - a ring of wizardry (left hand)
 H - a ring of poison resistance (right hand)
 R - a ring of protection from fire
 W - a ring of positive energy
Wands
 v - a wand of flame (7)
 C - a wand of light (7)
 G - a wand of polymorph (2)
 K - a wand of roots (18)
 T - a wand of charming (14)
 U - a wand of mindburst (8)
Scrolls
 h - 5 scrolls of teleportation
 o - a scroll of enchant weapon
 M - 2 scrolls of immolation
 Z - 2 scrolls of enchant armour
Potions
 e - 4 potions of flight
 l - a potion of invisibility
 r - 3 potions of resistance
 s - 8 potions of curing
 t - 5 potions of lignification
 u - 4 potions of magic
 A - a potion of haste
 I - a potion of might
 L - 2 potions of cancellation
 X - 2 potions of brilliance


   Skills:
 + Level 8.4 Fighting
 - Level 1.0 Long Blades
 - Level 2.0(8.1) Maces & Flails
 + Level 12.3(12.4) Staves
 - Level 1.0 Ranged Weapons
 - Level 2.0 Throwing
 + Level 6.7 Armour
 - Level 3.0 Dodging
 - Level 2.0 Stealth
 + Level 7.8 Spellcasting
 + Level 10.1 Conjurations
 - Level 7.0 Translocations
 + Level 8.9 Invocations
 - Level 3.0 Evocations


You had 16 spell levels left.
You knew the following spells:

 Your Spells              Type           Power      Damage    Failure   Level
a - Magic Dart            Conj           100%       1d8       1%          1
b - Searing Ray           Conj           96%        2d7       1%          2
c - Iskenderun's Mystic   Conj/Tloc      42%        2d10      1%          4
d - Iskenderun's Battles  Conj           48%        2d10      1%          5

Your spell library contained the following spells:

 Spells                   Type           Power      Damage    Failure   Level
 Apportation              Tloc           70%        N/A       1%          1
 Kiss of Death            Conj/Necr      100%       2d13      1%          1
 Dazzling Flash           Conj/Hex       56%        N/A       1%          3
 Portal Projectile        Hex/Tloc       42%        N/A       3%          3
 Necrotise                Necr           28%        1d5       4%          1
 Summon Small Mammal      Summ           28%        N/A       4%          1
 Flame Wave               Conj/Fire      28%        2d9       6%          4
 Fulminant Prism          Conj/Hex       14%        3d9       6%          4
 Sticky Flame             Conj/Fire      28%        2d5       6%          4
 Ensorcelled Hibernation  Hex/Ice        14%        N/A       7%          2
 Passwall                 Tmut/Erth      5%         N/A       7%          2
 Call Canine Familiar     Summ           7%         N/A       13%         3
 Confusing Touch          Hex            7%         N/A       13%         3
 Ignite Poison            Fire/Tmut/Pois 7%         N/A       13%         3
 Inner Flame              Hex/Fire       7%         N/A       13%         3
 Ozocubu's Armour         Ice            7%         N/A       13%         3
 Spider Form              Tmut/Pois      7%         N/A       13%         3
 Summon Guardian Golem    Hex/Summ       7%         N/A       13%         3
 Swiftness                Air            7%         N/A       13%         3
 Tukima's Dance           Hex            7%         N/A       13%         3
 Vampiric Draining        Necr           7%         2d6       13%         3
 Summon Forest            Summ/Tloc      10%        N/A       28%         5
 Anguish                  Hex/Necr       3%         N/A       38%         4
 Dispel Undead            Necr           7%         3d8       38%         4
 Leda's Liquefaction      Hex/Erth       3%         N/A       38%         4
 Iron Shot                Conj/Erth      14%        9d4       61%         6
 Starburst                Conj/Fire      14%        6d6       61%         6
 Agony                    Necr           7%         N/A       73%         5
 Blade Hands              Tmut           3%         N/A       73%         5
 Lee's Rapid Deconstruct  Erth           3%         3d5*      73%         5
 Summon Mana Viper        Hex/Summ       7%         N/A       73%         5
 Spellforged Servitor     Conj/Summ      14%        N/A       98%         7
 Statue Form              Tmut/Erth      4%         N/A       99%         6
 Summon Cactus Giant      Summ           3%         N/A       99%         6
 Ozocubu's Refrigeration  Ice            3%         4d8       100%        7
 Ignition                 Fire           3%         3d4       100%        8


Dungeon Overview and Level Annotations

Branches:
Dungeon (11/15)            Temple (1/1) D:7            Lair (5/5) D:11
 Shoals (0/4) Lair:2        Snake (0/4) Lair:2
  Slime: Lair:4-5       Orc: D:9-12

Altars:
Ashenzari
Cheibriados
Dithmenos
Elyvilon
Fedhas
Gozag
Hepliaklqana
Kikubaaqudgha
Makhleb
Nemelex Xobeh
Okawaru
Qazlal
Ru
Sif Muna
Trog
Uskayaw
Vehumet
Wu Jian
Xom
Yredelemnul
Zin
The Shining One

Shops:
D:8 [

Annotations:
D:4 3 runed translucent doors, freelancePsychic's ghost, amateur DECA; koil's ghost, amateur SpHu
D:7 exclusions: gargoyle and vampire
D:11 exclusion: two-headed ogre
Lair:1 2 transporters


Message History

The eight-headed hydra bites you but does no damage.
The eight-headed hydra barely misses you. x2
The eight-headed hydra bites you.
The eight-headed hydra bites you but does no damage.
You feel sick.
You feel sick.
There is a stone staircase leading up, spattered with blood here.
You feel sick. The eight-headed hydra bites you.
* * * LOW HITPOINT WARNING * * *
The eight-headed hydra bites you!
* * * LOW HITPOINT WARNING * * *
The eight-headed hydra bites you.
* * * LOW HITPOINT WARNING * * *
The eight-headed hydra misses you.
The eight-headed hydra barely misses you.
The eight-headed hydra closely misses you.
The eight-headed hydra bites you but does no damage.
The eight-headed hydra misses you.
You climb upwards.
You feel sick.
You are no longer poisoned.
There is a stone staircase leading down here.
Okay, then.
Okay, then.
Unknown command.
You thump the eight-headed hydra!
Your weapon exudes an aura of protection.
The eight-headed hydra is lightly wounded.
The eight-headed hydra bites you but does no damage. x3
The eight-headed hydra misses you.
The eight-headed hydra bites you but does no damage. x3
The eight-headed hydra bites you.
* * * LOW HITPOINT WARNING * * *
You feel yourself speed up.
The eight-headed hydra bites you but does no damage.
The eight-headed hydra completely misses you.
The eight-headed hydra bites you!
* * * LOW HITPOINT WARNING * * *
The eight-headed hydra bites you!
You die...
Fedhas appreciates your contribution to the ecosystem.

.....P#.+.....##.#P#.##..........
##......#.......#...............P
.#..........8...#...............~
.#...............##..............
.#......##.#......#..............
##.....###..#...8...#.####......P
#......#.............#.8.#...#...
....#.....................#.....P
#....#.....8..8.@D8....>.8#.....P
##..##....................#......
.#..##..............##.8..#..P##.
.#..##..###.#...8..#######...###.
.#..###.##........###........P###
##..###.#.........###.#..#....##
....#...+...8....###.#####...#.##
........#......#...#.##.##.......
...............#.................


You could see an eight-headed hydra.

Vanquished Creatures
  2 catoblepae (Lair:4)
  5 two-headed ogres
  Urug (Lair:4)
  A cyclops (D:9)
  An ugly thing (D:10)
  2 manticores (Lair:4)
  A merfolk siren (Lair:2)
  10 elephants
  2 black mambas
  4 cane toads
  3 kobold demonologists
  An unseen horror (D:7)
  A gargoyle (D:7)
  Psyche (D:8)
  2 rime drakes (Lair:3)
  12 komodo dragons
  A meliai (D:10)
  A troll (D:10)
  A hornet (D:10)
  10 blink frogs
  2 shadows
  7 wyverns
  45 yaks
  Sigmund (D:5)
  Eustachio (D:5)
  A basilisk (Lair:5)
  A steam dragon (D:8)
  2 vampire mosquitoes (D:10)
  6 nagas (Lair:2)
  9 water moccasins
  Duvessa (D:5)
  7 orc warriors
  2 ice beasts
  A sky beast (D:6)
  2 black bears (D:4)
  8 wolves (Lair:3)
  2 ogres
  3 centaurs
  2 phantoms
  2 kobold brigands
  9 bullfrogs
  A gnoll sergeant (D:6)
  3 necrophages
  7 scorpions
  5 wights (D:8)
  Dowan (D:5)
  19 killer bees
  5 howler monkeys
  2 electric eels (Lair:1)
  2 jellies
  7 orc priests
  3 hounds (D:5)
  6 gnoll boudas
  6 iguanas
  4 orc wizards
  Natasha (thrice) (D:3)
  12 adders
  28 gnolls
  3 shadow imps (D:7)
  2 white imps
  An ufetubus (D:7)
  6 worms
  A dart slug (D:3)
  41 orcs
  12 endoplasms
  4 giant cockroaches
  6 goblins
  4 hobgoblins
  2 jackals (D:1)
  3 quokkas
  10 ball pythons
  7 bats
  6 frilled lizards
  18 kobolds
  12 rats
428 creatures vanquished.

Vanquished Creatures (collateral kills)
  A boulder beetle (Lair:3)
1 creature vanquished.

Vanquished Creatures (others)
  An iguana (D:8)
  An orc (D:9)
  29 fungi
  45 plants
  6 withered plants (D:4)
82 creatures vanquished.

Grand Total: 511 creatures vanquished

Notes
Turn   | Place    | Note
-------+----------+-------------------------------------------
     0 | D:1      | Lobster4 the Human Conjurer began the quest for the Orb.
     0 | D:1      | Reached XP level 1. HP: 13/13 MP: 3/3
   257 | D:1      | Reached XP level 2. HP: 20/20 MP: 1/5
   326 | D:1      | Learned a level 2 spell: Searing Ray
   498 | D:1      | Reached skill level 1 in Fighting
   733 | D:1      | Reached XP level 3. HP: 14/26 MP: 1/6
  1365 | D:2      | Reached skill level 1 in Armour
  1696 | D:2      | Reached XP level 4. HP: 32/32 MP: 3/7
  2794 | D:3      | You fall into a shaft and drop 1 floor!
  2926 | D:3      | Reached XP level 5. HP: 38/38 MP: 5/9
  3176 | D:3      | Noticed Natasha
  3180 | D:3      | Killed Natasha
  3584 | D:3      | Noticed Natasha
  3717 | D:3      | Reached skill level 5 in Conjurations
  3717 | D:3      | Reached XP level 6. HP: 25/44 MP: 1/10
  4071 | D:3      | Killed Natasha
  4194 | D:3      | Noticed Natasha
  4199 | D:3      | Killed Natasha
  4528 | D:4      | Noticed a black bear
  4591 | D:4      | Found a shadowy altar of Dithmenos.
  4730 | D:4      | Killed a black bear
  4731 | D:4      | Reached skill level 1 in Throwing
  4731 | D:4      | Reached XP level 7. HP: 39/50 MP: 2/12
  4879 | D:4      | Found a sacrificial altar of Ru.
  4888 | D:4      | Reached skill level 1 in Maces & Flails
  5572 | D:4      | Reached XP level 8. HP: 42/56 MP: 7/14
  6164 | D:4      | Found a runed translucent gate.
  6165 | D:4      | Found a runed translucent gate.
  6166 | D:4      | Found a runed translucent gate.
  6167 | D:4      | Noticed koil's ghost (amateur SpHu)
  6168 | D:4      | Noticed freelancePsychic's ghost (amateur DECA)
  6603 | D:5      | Entered Level 5 of the Dungeon
  6833 | D:5      | Noticed Sigmund
  6843 | D:5      | Killed Sigmund
  6928 | D:5      | Reached skill level 5 in Spellcasting
  7212 | D:5      | Found a shimmering altar of Xom.
  7249 | D:5      | Found a broken altar of Ashenzari.
  7300 | D:5      | Reached skill level 5 in Armour
  7361 | D:5      | Learned a level 4 spell: Iskenderun's Mystic Blast
  7413 | D:5      | Noticed Eustachio
  7425 | D:5      | Killed Eustachio
  7426 | D:5      | Reached skill level 1 in Translocations
  7426 | D:5      | Reached skill level 1 in Evocations
  7426 | D:5      | Reached XP level 9. HP: 61/61 MP: 7/17
  7647 | D:5      | Noticed Duvessa
  7647 | D:5      | Noticed Dowan
  7850 | D:5      | Killed Duvessa
  8048 | D:5      | Killed Dowan
  8712 | D:5      | Found the +7 staff of the Meek {protect, meekguard}
  8836 | D:6      | Found an iron altar of Okawaru.
  8878 | D:6      | Reached skill level 1 in Staves
  9278 | D:5      | Reached skill level 2 in Staves
  9595 | D:5      | Reached XP level 10. HP: 57/67 MP: 19/19
 10104 | D:6      | Reached skill level 3 in Staves
 10182 | D:6      | Found a white marble altar of Elyvilon.
 10242 | D:6      | Got the Parchment of Heated Charms
 10794 | D:7      | Found a stormy altar of Qazlal.
 11035 | D:7      | Noticed a two-headed ogre
 11061 | D:7      | Found a staircase to the Ecumenical Temple.
 11067 | Temple   | Entered the Ecumenical Temple
 11264 | Temple   | Became a worshipper of Fedhas Madash
 11475 | D:7      | Noticed an unseen horror
 11486 | D:7      | Killed an unseen horror
 11487 | D:7      | Reached skill level 1 in Invocations
 11576 | D:7      | Killed a two-headed ogre
 11577 | D:7      | Reached skill level 4 in Staves
 11711 | D:7      | Noticed a kobold demonologist
 11824 | D:7      | Noticed a gargoyle
 11855 | D:7      | Killed a kobold demonologist
 12007 | D:7      | Killed a gargoyle
 12008 | D:7      | Reached XP level 11. HP: 77/77 MP: 17/21
 12058 | D:7      | Identified the +10 arbalest of Wrath {penet, *Corrode rElec
                  | rC+++ Will-}
 12075 | D:8      | Found Nasabaf's Antique Armour Emporium.
 12094 | D:8      | Bought a runed cloak for 165 gold pieces
 12585 | D:8      | Reached skill level 5 in Translocations
 12738 | D:8      | Noticed a sixfirhy
 12738 | D:8      | Reached * piety under Fedhas
 12743 | D:8      | Reached skill level 5 in Staves
 13118 | D:8      | Reached skill level 5 in Fighting
 13192 | D:8      | Noticed Psyche
 13713 | D:8      | Identified the +4 chain mail of the Demon Prince {rF++}
 13744 | D:8      | Reached ** piety under Fedhas
 14020 | D:8      | Killed Psyche
 14021 | D:8      | Reached skill level 6 in Staves
 14213 | D:8      | Found a hide-covered altar of Uskayaw.
 14227 | D:8      | Reached skill level 5 in Invocations
 14254 | D:8      | Reached skill level 10 in Conjurations
 14562 | D:9      | Noticed a two-headed ogre
 14582 | D:9      | Killed a two-headed ogre
 14837 | D:9      | Reached skill level 7 in Staves
 14984 | D:9      | Found a snail-covered altar of Cheibriados.
 15341 | D:9      | Noticed a cyclops
 15485 | D:9      | Identified the +8 flail "Acrynk" {venom, rElec rC+ Dex-2
                  | SInv}
 15742 | D:9      | Noticed a two-headed ogre
 15754 | D:9      | Killed a two-headed ogre
 16064 | D:9      | Killed a cyclops
 16065 | D:9      | Reached skill level 8 in Staves
 16065 | D:9      | Reached XP level 12. HP: 26/86 MP: 22/22
 16286 | D:9      | Reached *** piety under Fedhas
 16510 | D:10     | Entered Level 10 of the Dungeon
 16795 | D:10     | Found a radiant altar of Vehumet.
 17127 | D:10     | Learned a level 5 spell: Iskenderun's Battlesphere
 17428 | D:10     | Found an ancient bone altar of Kikubaaqudgha.
 17493 | D:10     | Paralysed by a hornet for 1 turns
 17501 | D:10     | Reached skill level 9 in Staves
 18066 | D:11     | Noticed a two-headed ogre
 18078 | D:11     | Killed a two-headed ogre
 18093 | D:11     | Reached skill level 10 in Staves
 18182 | D:11     | Found a staircase to the Lair.
 18477 | D:11     | Noticed a two-headed ogre
 18489 | D:11     | Killed a two-headed ogre
 18649 | D:11     | Noticed a two-headed ogre
 18948 | Lair:1   | Entered Level 1 of the Lair of Beasts
 19335 | Lair:1   | Found a transporter.
 19414 | Lair:1   | Found a transporter.
 19686 | Lair:1   | Reached **** piety under Fedhas
 19962 | Lair:1   | Reached XP level 13. HP: 46/93 MP: 2/23
 19973 | Lair:1   | Reached skill level 11 in Staves
 20836 | Lair:2   | You fall into a shaft and drop 1 floor!
 21429 | Lair:2   | Reached ***** piety under Fedhas
 21673 | Lair:2   | Found a staircase to the Shoals.
 22773 | Lair:2   | Found a staircase to the Snake Pit.
 24083 | Lair:4   | Reached skill level 12 in Staves
 24483 | Lair:4   | Noticed Urug
 24488 | Lair:4   | Killed Urug
 24991 | Lair:4   | Noticed a catoblepas
 24991 | Lair:4   | Noticed a catoblepas
 25012 | Lair:4   | Killed a catoblepas
 25020 | Lair:4   | Killed a catoblepas
 25021 | Lair:4   | Reached skill level 1 in Long Blades
 25021 | Lair:4   | Reached skill level 1 in Ranged Weapons
 25175 | Lair:4   | Identified the +3 leather armour of Binu Fecihe {rF+
                  | Regen+}
 25241 | Lair:4   | Reached XP level 14. HP: 105/105 MP: 15/25
 25775 | Lair:5   | Entered Level 5 of the Lair of Beasts
 26408 | Lair:4   | HP: 5/106 [eight-headed hydra (11)]
 26408 | Lair:4   | Slain by an eight-headed hydra

Illustrated notes

Levels and vault maps discovered:
D:1:      eino_arrival_cavern_e, layout_loops_cross, hangedman_decor_growths,
          hangedman_decor_slide_cut
D:2:      layout_basic, chequers_serial_rivers_small_3,
          kennysheep_generic_room_11
D:3:      minmay_razor_zed, layout_basic, uniq_natasha
D:4:      layout_basic, lemuel_round_altar, lemuel_round_altar,
          gammafunk_ghost_cemetery, minmay_increasing_density
D:5:      nicolae_cairo_tiling_very_big, layout_rooms,
          mainiacjoe_overflow_chevrons, mainiacjoe_overflow_cross_hatched,
          pf_guarded_unrand_meek, uniq_duvessa, uniq_eustachio, uniq_sigmund
D:6:      minmay_evil_eye, layout_rooms, amcnicky_altar_gilded,
          okawaru_metal_pillars_1_2
D:7:      minmay_the_grid_octo_triangle [minmay_the_grid_octo_concentric,
          minmay_the_grid_octo_prize_single_spiral,
          minmay_the_grid_octo_checkerflower], layout_gridville,
          nicolae_qazlal_style_of_elements, minmay_temple_entry_grid
D:8:      layout_basic, old_standard_altar, serial_shops, nicolae_stop_n_shop_1,
          minmay_lizard_king, uniq_psyche
D:9:      layout_basic, cheibrodos_worm_habitat, interstate_on_off, minivault_4
D:10:     layout_roguey, nicolae_overflow_crystal_walls, kennysheep_mini,
          moated_statue, minmay_fractal_squares_gapless_7
D:11:     layout_loops_cross, lair_entry_dummy
Temple:   grunt_temple_mini_profane
Lair:1:   gammafunk_worm_tunnel, layout_chaotic_city, serial_bayou_lake_a
Lair:2:   layout_long_grid, minmay_shoals_entry_lonely_mermaid,
          minmay_snake_entry_guardpost_medium, dreamdust_deal_with_the_devil,
          serial_bayou_shore_b
Lair:3:   layout_regular_city, lemuel_fruit_tree
Lair:4:   nzn_motion_control, layout_regular_city, grunt_megastairs_3,
          serial_bayou_shore_b, serial_bayou_shore_a,
          infiniplex_staircase_pool_2, uniq_urug
Lair:5:   cheibrodos_lair_end_hotspot, layout_regular_city,
          nicolae_slime_entry_slimehenge, st_stairs_9

Skill      XL: |  1  2  3  4  5  6  7  8  9 10 11 12 13 |
---------------+----------------------------------------+-----
Fighting       | 1 2 4 5 8 |  8.4
Armour         | 1 2 3 5 6 |  6.7
Spellcasting   | 3 4 5 6 7 |  7.8
Conjurations   | 5 6 7 8 9 10 | 10.1
Throwing       | 1 2 |  2.0
Maces & Flails | 2 |  2.0
Translocations | 1 3 4 5 7 |  7.0
Evocations     | 1 3 |  3.0
Staves         | 2 4 8 10 12 | 12.3
Invocations    | 2 5 8 |  8.9
Dodging        | 3 |  3.0
Long Blades    | 1 |  1.0
Ranged Weapons | 1 |  1.0
Stealth        | |  2.0

Action                   |  1- 3 |  4- 6 |  7- 9 | 10-12 | 13-15 || total
-------------------------+-------+-------+-------+-------+-------++-------
Melee: Hand axe          |     8 |     9 |       |       |       ||    17
       Punch             |     1 |       |       |       |       ||     1
       Whip              |       |       |     5 |       |       ||     5
       Quarterstaff      |       |       |    19 |   188 |   213 ||   420
Throw: Dart              |       |     4 |     9 |    13 |       ||    26
       Boomerang         |       |       |     1 |     1 |       ||     2
       Throwing net      |       |       |       |     6 |       ||     6
 Cast: Magic Dart        |    61 |    87 |   107 |   102 |   117 ||   474
       Searing Ray       |     2 |    18 |    72 |   119 |    43 ||   254
       Iskenderun's Batt |       |       |       |     8 |    41 ||    49
Evoke: Wand              |       |       |       |    17 |     5 ||    22
  Use: Scroll            |       |     3 |     3 |    18 |    10 ||    34
       Potion            |       |       |       |     3 |     2 ||     5
 Stab: Sleeping          |       |       |       |     1 |     1 ||     2
Armor: Robe              |     2 |     9 |    16 |   129 |    38 ||   194
       Leather armour    |       |       |    10 |       |    76 ||    86
       Ring mail         |       |       |       |       |    40 ||    40
Dodge: Dodged            |     7 |    20 |    69 |   192 |   149 ||   437

Table legend: (Time is in decaauts)
 A = Elapsed time spent in this place.
 B = Non-inter-level travel time spent in this place.
 C = Inter-level travel time spent in this place.
 D = Time resting spent in this place.
 E = Time spent auto-exploring this place.
 F = Levels seen in this place.
 G = Mean time per level.
                   A        B        C        D        E       F      G
               +--------+--------+--------+--------+--------+-----+--------+
         Total |  26441 |  25231 |   1210 |   6740 |  14293 |  17 | 1555.4 |
       Dungeon |  18746 |  17853 |    893 |   4922 |   9947 |  11 | 1704.2 |
        Temple |    221 |    176 |     45 |      0 |    171 |   1 |  221.0 |
          Lair |   7473 |   7201 |    272 |   1818 |   4175 |   5 | 1494.6 |
               +--------+--------+--------+--------+--------+-----+--------+

Top non-repeatable levels by time:
     D:5: 2886 daAuts
  Lair:2: 2235 daAuts
     D:4: 2227 daAuts
     D:9: 2032 daAuts
     D:8: 2006 daAuts
     D:7: 1900 daAuts
  Lair:4: 1848 daAuts
     D:2: 1656 daAuts
     D:3: 1607 daAuts
    D:10: 1506 daAuts
  Lair:1: 1473 daAuts
  Lair:3: 1349 daAuts
     D:1: 1220 daAuts
    D:11: 921 daAuts
     D:6: 781 daAuts
